 Dungeon Crawl Stone Soup version 0.26-a0-415-g2a96157 (webtiles) character file.

Game seed: 16228298523151786299

102 Crimsoncloak the Shield-Bearer (level 4, -7/41 HPs)
             Began as a Gnoll Fighter on July 25, 2020.
             Mangled by an orc warrior
             ... wielding a cursed -1 glaive
              (18 damage)
             ... on level 3 of the Dungeon.
             The game lasted 00:03:52 (2898 turns).

Crimsoncloak the Shield-Bearer (Gnoll Fighter)      Turns: 2898, Time: 00:03:53

Health: -7/41      AC:  7    Str: 19    XL:     4   Next: 78%
Magic:  5/5        EV:  8    Int: 10    God:
Gold:   197        SH: 11    Dex: 15    Spells: 5/5 levels left

rFire    . . .     SeeInvis .   a - +0 long sword
rCold    . . .     Faith    .   c - +0 kite shield
rNeg     . . .     Spirit   .   b - +0 scale mail
rPois    .         Reflect  .   (no helmet)
rElec    .         Harm     .   (no cloak)
rCorr    .                      (no gloves)
MR       .....                  (no boots)
Stlth    ..........             (no amulet)
HPRegen  0.13/turn              (no ring)
MPRegen  0.09/turn              (no ring)

@: no status effects
A: distributed training, fangs 1, strong nose
a: no special abilities


You were on level 3 of the Dungeon.
You visited 1 branch of the dungeon, and saw 3 of its levels.

You collected 197 gold pieces.

Inventory:

Hand Weapons
 a - a +0 long sword (weapon)
Missiles
 n - 42 bolts
 o - 136 stones (quivered)
Armour
 b - a +0 scale mail (worn)
 c - a +0 kite shield (worn)
Wands
 r - a wand of clouds (6)
Scrolls
 e - a scroll of fog {unknown}
 g - a scroll of random uselessness {unknown}
 h - 4 scrolls of identify {unknown}
 i - 5 scrolls of remove curse {unknown}
 j - a scroll of enchant weapon {unknown}
 k - a scroll of enchant armour {unknown}
 l - 4 scrolls of teleportation {unknown}
 m - 2 scrolls of magic mapping {unknown}
 q - 4 scrolls of amnesia {unknown}
 s - a scroll of immolation {unknown}
Potions
 d - 3 potions of might
 f - a potion of resistance {unknown}
 p - a potion of invisibility {unknown}


   Skills:
 + Level 6.6 Fighting
 + Level 1.2 Short Blades
 + Level 4.7 Long Blades
 + Level 1.2 Axes
 + Level 1.2 Maces & Flails
 + Level 1.2 Polearms
 + Level 1.2 Staves
 + Level 1.2 Slings
 + Level 1.2 Bows
 + Level 1.2 Crossbows
 + Level 1.2 Throwing
 + Level 6.6 Armour
 + Level 1.2 Dodging
 + Level 1.2 Stealth
 + Level 6.6 Shields
 + Level 1.2 Unarmed Combat
 + Level 1.2 Spellcasting
 + Level 1.0 Conjurations
 + Level 1.0 Hexes
 + Level 1.0 Summonings
 + Level 1.0 Necromancy
 + Level 1.0 Translocations
 + Level 1.0 Transmutations
 + Level 1.0 Fire Magic
 + Level 1.0 Ice Magic
 + Level 1.0 Air Magic
 + Level 1.0 Earth Magic
 + Level 1.0 Poison Magic
 + Level 1.3 Invocations
 + Level 1.2 Evocations


You had 5 spell levels left.
You didn't know any spells.
Your spell library was empty.

Dungeon Overview and Level Annotations

Branches:
Dungeon (3/15)

Altars:
Fedhas
Kikubaaqudgha


Innate Abilities, Weirdness & Mutations

Your experience applies equally to all skills.
You have very sharp teeth.
Your uncanny sense of smell can sniff out nearby items.


Message History

The orc is heavily wounded.
You see here a cursed +0 ring mail.
The orc warrior closely misses you. You block the orc warrior's attack.
You closely miss the orc warrior.
The orc warrior is moderately wounded.
The orc warrior barely misses you.
You hit the orc warrior but do no damage.
The orc warrior is moderately wounded.
You block the orc warrior's attack.
Your shield and scale mail prevent you from hitting the orc warrior.
The orc warrior is moderately wounded.
The orc warrior hits you with a cursed -1 glaive!
* * * LOW HITPOINT WARNING * * *
You hit the orc warrior. Your bite misses the orc warrior.
The orc warrior is heavily wounded.
You closely miss the orc warrior.
The orc warrior is heavily wounded.
The orc warrior hits you with a cursed -1 glaive!!
You die...

#. #._.# #.# # #.##..P#
#.# # ##.#..P# #.# #
#..#P.P### #.####
#.o[o....# ##'#...
#........# #.....#
###..|#oo# #.....#
#...#o## #.....#
#...##@##### #.....#
#P_P#......# #......
#PPP#......######....##
#####......+...##....#
#.......###.##....##
..........'.......###.
###.......###.##### #.
#.......# #.# #.
#.......# #.#######'


You could see an orc warrior and 2 orcs.

Vanquished Creatures
  4 adders
  An ooze (D:1)
  2 dart slugs
  3 leopard geckos
  3 orcs (D:3)
  4 bats
  A giant cockroach (D:3)
  5 goblins
  7 hobgoblins
  4 jackals (D:1)
  6 kobolds
  A quokka (D:2)
  A ball python (D:2)
  3 frilled lizards (D:1)
  7 rats
52 creatures vanquished.

Notes
Turn   | Place    | Note
-------+----------+-------------------------------------------
     0 | D:1      | Crimsoncloak the Gnoll Fighter began the quest for the Orb.
     0 | D:1      | Reached XP level 1. HP: 23/23 MP: 1/1
    40 | D:1      | Reached XP level 2. HP: 29/29 MP: 2/2
   345 | D:1      | Reached XP level 3. HP: 28/35 MP: 3/3
   629 | D:1      | Reached skill level 1 in Invocations
  1252 | D:2      | Reached skill level 1 in Short Blades
  1252 | D:2      | Reached skill level 1 in Axes
  1252 | D:2      | Reached skill level 1 in Maces & Flails
  1252 | D:2      | Reached skill level 1 in Polearms
  1252 | D:2      | Reached skill level 1 in Staves
  1252 | D:2      | Reached skill level 1 in Slings
  1252 | D:2      | Reached skill level 1 in Bows
  1252 | D:2      | Reached skill level 1 in Crossbows
  1252 | D:2      | Reached skill level 1 in Throwing
  1252 | D:2      | Reached skill level 1 in Dodging
  1252 | D:2      | Reached skill level 1 in Stealth
  1252 | D:2      | Reached skill level 1 in Unarmed Combat
  1252 | D:2      | Reached skill level 1 in Spellcasting
  1252 | D:2      | Reached skill level 1 in Evocations
  1362 | D:2      | Reached XP level 4. HP: 41/41 MP: 5/5
  2215 | D:3      | Reached skill level 1 in Conjurations
  2215 | D:3      | Reached skill level 1 in Hexes
  2215 | D:3      | Reached skill level 1 in Summonings
  2215 | D:3      | Reached skill level 1 in Necromancy
  2215 | D:3      | Reached skill level 1 in Translocations
  2215 | D:3      | Reached skill level 1 in Transmutations
  2215 | D:3      | Reached skill level 1 in Fire Magic
  2215 | D:3      | Reached skill level 1 in Ice Magic
  2215 | D:3      | Reached skill level 1 in Air Magic
  2215 | D:3      | Reached skill level 1 in Earth Magic
  2215 | D:3      | Reached skill level 1 in Poison Magic
  2869 | D:3      | Found a blossoming altar of Fedhas.
  2872 | D:3      | Found an ancient bone altar of Kikubaaqudgha.
  2875 | D:3      | Noticed an orc warrior
  2898 | D:3      | Mangled by an orc warrior

Illustrated notes

Levels and vault maps discovered:
D:1:      shiori_arrival_maze, layout_basic, chequers_serial_rivers_large_a
D:2:      wander_river, layout_loops_cross
D:3:      layout_basic, grunt_temple_overflow_growth_and_decay

Skill      XL: |  1  2  3  4 |
---------------+-------------+-----
Invocations    | 1 |  1.3
Short Blades   | 1 |  1.2
Axes           | 1 |  1.2
Maces & Flails | 1 |  1.2
Polearms       | 1 |  1.2
Staves         | 1 |  1.2
Slings         | 1 |  1.2
Bows           | 1 |  1.2
Crossbows      | 1 |  1.2
Throwing       | 1 |  1.2
Dodging        | 1 |  1.2
Stealth        | 1 |  1.2
Unarmed Combat | 1 |  1.2
Spellcasting   | 1 |  1.2
Evocations     | 1 |  1.2
Conjurations   | 1 |  1.0
Hexes          | 1 |  1.0
Summonings     | 1 |  1.0
Necromancy     | 1 |  1.0
Translocations | 1 |  1.0
Transmutations | 1 |  1.0
Fire Magic     | 1 |  1.0
Ice Magic      | 1 |  1.0
Air Magic      | 1 |  1.0
Earth Magic    | 1 |  1.0
Poison Magic   | 1 |  1.0
Fighting       | |  6.6
Long Blades    | |  4.7
Armour         | |  6.6
Shields        | |  6.6

Action                   |  1- 3 |  4- 6 || total
-------------------------+-------+-------++-------
Melee: Long sword        |    93 |    69 ||   162
       Bite              |     5 |     8 ||    13
Armor: Scale mail        |    36 |    24 ||    60
Dodge: Dodged            |    25 |    20 ||    45
Block: Kite shield       |    59 |    42 ||   101
       Rpst.: Long sword |     6 |     4 ||    10

Table legend: (Time is in decaauts)
 A = Elapsed time spent in this place.
 B = Non-inter-level travel time spent in this place.
 C = Inter-level travel time spent in this place.
 D = Time resting spent in this place.
 E = Time spent auto-exploring this place.
 F = Levels seen in this place.
 G = Mean time per level.
                   A        B        C        D        E       F      G
               +--------+--------+--------+--------+--------+-----+--------+
         Total |   2954 |   2804 |    150 |    445 |   1892 |   3 |  984.7 |
       Dungeon |   2954 |   2804 |    150 |    445 |   1892 |   3 |  984.7 |
               +--------+--------+--------+--------+--------+-----+--------+

Top non-repeatable levels by time:
     D:1: 1166 daAuts
     D:2: 913 daAuts
     D:3: 874 daAuts
